AoeStats
← HenryEnrique

Black Forest

509809746Analyzed
4v4 RM · 3d ago on Sep 28, 2026· 47m 17s· 8 players
Game mode
Random Map
Map size
Large (8 player)
Population
200
Speed
Normal
Resources
Standard
Victory
Conquest
Starting age
Dark Age
Ending age
Imperial Age
RankedLock teamsTeams togetherTeam positionsShared explorationLock speedFull tech treeHidden civsTurbo modeCheats
Victory
Defeat
🇲🇽 Britons · Mexico
853
+14
🇲🇽 Sicilians · Mexico
848
+14
🇲🇽 Poles · Mexico
829
+15
🇲🇽 Teutons · Mexico
723
+19
🇨🇦 Burgundians · Canada
945
-22
🇵🇪 Franks · Peru
782
-15
🇨🇳 Celts · China
732
-13
🇺🇸 Bohemians · United States
724
-12
leonedu
1:10 Loom
13:13 Feudal Age
17:46 Castle Age
18:22 Town Watch
20:08 Wheelbarrow
21:13 Scale Barding Armor
21:35 Hand Cart
27:51 Masonry
27:50 Gold Mining
28:16 Stone Mining
29:38 Chain Barding Armor
30:52 Fortified Wall
31:30 Forging
32:06 Gold Shaft Mining
31:45 Fervor
36:08 Imperial Age
33:35 Treadmill Crane
34:41 Ballistics
34:18 Murder Holes
35:35 Town Patrol
35:07 Pikeman
35:51 Scale Mail Armor
36:06 Fletching
38:03 Chivalry
38:41 Cavalier
38:49 Halberdier
39:30 Squires
39:16 Arson
43:02 Conscription
BuddyDudeMan
1:11 Loom
8:25 Double-Bit Axe
11:09 Wheelbarrow
12:32 Feudal Age
13:04 Gold Mining
13:10 Stone Mining
21:42 Gold Shaft Mining
21:44 Stone Shaft Mining
20:50 Horse Collar
21:25 Bow Saw
23:29 Castle Age
21:56 Heavy Plow
23:02 Hand Cart
24:17 Forging
24:44 Scale Barding Armor
25:04 Husbandry
24:24 Cavalier
29:05 Chain Barding Armor
29:47 Iron Casting
31:57 Crop Rotation
32:35 Two-Man Saw
34:07 Sanctity
35:51 Burgundian Vineyards
36:41 Fletching
36:51 Scale Mail Armor
36:52 Padded Archer Armor
37:59 Squires
37:44 Arson
38:31 Redemption
46:32 Imperial Age
Swivel_Hips
1:31 Loom
19:49 Feudal Age
22:34 Town Watch
23:42 Double-Bit Axe
25:44 Horse Collar
28:08 Castle Age
30:02 Bow Saw
29:55 Heavy Plow
36:32 Murder Holes
36:58 Ballistics
36:37 Fletching
38:09 Wheelbarrow
38:24 Bodkin Arrow
42:08 Padded Archer Armor
44:47 Imperial Age
43:33 Chemistry
43:31 Leather Archer Armor
46:32 Conscription
Nick76Luo
11:38 Feudal Age
13:02 Double-Bit Axe
13:10 Gold Mining
16:18 Horse Collar
16:33 Stone Mining
19:21 Castle Age
17:07 Fishing Lines
Creizyllama
2:12 Loom
14:26 Feudal Age
14:56 Double-Bit Axe
14:53 Horse Collar
18:22 Wheelbarrow
18:00 Arson
19:29 Man-at-Arms
24:01 Forging
23:51 Scale Mail Armor
26:02 Castle Age
24:29 Stone Mining
24:29 Gold Mining
26:33 Long Swordsman
27:19 Pikeman
28:01 Squires
28:19 Heavy Plow
28:31 Bow Saw
32:33 Iron Casting
32:14 Chain Mail Armor
38:24 Stone Shaft Mining
38:15 Scale Barding Armor
38:01 Fletching
38:34 Hand Cart
38:05 Town Watch
39:07 Fervor
39:30 Sanctity
46:24 Imperial Age
47:26 Conscription
47:41 Crop Rotation
Gazpacho
7:27 Loom
12:00 Feudal Age
16:56 Castle Age
15:16 Man-at-Arms
16:18 Double-Bit Axe
18:13 Long Swordsman
20:12 Arson
25:14 Bow Saw
24:53 Horse Collar
25:24 Town Watch
27:20 Fervor
27:51 Wheelbarrow
29:51 Hand Cart
29:38 Town Patrol
29:04 Crossbowman
30:04 Treadmill Crane
31:03 Forging
30:53 Scale Mail Armor
30:44 Fletching
30:54 Padded Archer Armor
34:55 Imperial Age
33:18 Chain Mail Armor
33:38 Iron Casting
32:59 Bodkin Arrow
32:56 Gambesons
33:24 Caravan
33:59 Heavy Plow
33:55 Stone Mining
33:55 Gold Mining
36:02 Conscription
36:43 Gold Shaft Mining
36:50 Guilds
37:11 Coinage
37:20 Coinage
36:38 Arbalester
38:40 Blast Furnace
38:51 Chemistry
38:24 Elite Longbowman
39:35 Bracer
39:50 Leather Archer Armor
40:05 Ballistics
42:25 Siege Engineers
42:37 Light Cavalry
43:18 Husbandry
43:38 Squires
42:58 Pikeman
44:28 Ring Archer Armor
44:29 Plate Mail Armor
44:04 Scale Barding Armor
43:54 Heated Shot
44:39 Banking
45:13 Two-Man Saw
45:42 Yeomen
46:43 Halberdier
HenryEnrique
7:56 Loom
13:11 Feudal Age
13:50 Double-Bit Axe
13:48 Horse Collar
14:22 Stone Mining
23:17 Castle Age
27:06 Stone Shaft Mining
26:25 Gold Mining
28:08 Heavy Plow
29:22 Bow Saw
34:10 Imperial Age
32:28 Wheelbarrow
31:47 Town Watch
34:03 Ironclad
35:00 Hand Cart
35:28 Scale Mail Armor
35:39 Forging
36:33 Chemistry
36:28 Crop Rotation
39:03 Elite Teutonic Knight
44:25 Chain Mail Armor
44:46 Iron Casting
46:23 Plate Mail Armor
mariusly1
11:37 Feudal Age
12:44 Horse Collar
12:52 Double-Bit Axe
18:08 Castle Age
15:55 Loom
19:56 Heavy Plow
20:25 Bow Saw
28:02 Imperial Age
29:22 Forging
30:27 Scale Mail Armor
33:11 Chain Mail Armor
33:32 Iron Casting
33:35 Wheelbarrow
32:47 Pikeman
34:31 Crop Rotation
34:09 Halberdier
36:01 Plate Mail Armor
35:47 Gambesons
36:03 Squires
36:13 Gold Mining
36:15 Stone Mining
38:07 Stone Shaft Mining
38:07 Gold Shaft Mining
39:28 Chemistry
38:48 Ballistics
38:27 Murder Holes
39:33 Chemistry
38:44 Masonry
41:16 Blast Furnace
40:08 Fletching
43:59 Conscription
43:00 Elite Serjeant
46:45 Arson
47:06 Bodkin Arrow
Connection lost

Rejoining the realm…

Still unreachable

The connection could not be restored.

Session expired

The server has moved on; the page needs a fresh start.